 Dungeon Crawl Stone Soup version 0.29.0-7-g18a832c13a (webtiles) character file.

Game seed: 17307196698170345050

163 p0werm0de the Trooper (level 5, -3/34 HPs)
             Began as a Gargoyle Chaos Knight on Aug 30, 2022.
             Was a Plaything of Xom.
             Slain by a chaos spawn (13 damage)
             ... summoned by Xom
             ... on level 3 of the Dungeon.
             The game lasted 00:01:02 (1127 turns).

p0werm0de the Trooper (Gargoyle Chaos Knight)       Turns: 1127, Time: 00:01:03

Health: -3/34      AC: 11    Str: 17    XL:     5   Next: 44%
Magic:  5/5        EV: 11    Int: 13    God:    Xom [......]
Gold:   137        SH:  0    Dex:  9    Spells: 4/4 levels left

rFire   . . .      SeeInvis .   a - +0 hand axe (chaos)
rCold   . . .      Faith    .   (no shield)
rNeg    + . .      Spirit   .   b - +2 leather armour
rPois   ∞          Reflect  .   (no helmet)
rElec   +          Harm     .   (no cloak)
rCorr   .          Rampage  .   (no gloves)
Will    .....                   h - +1 pair of boots
Stlth   +.........              e - amulet of regeneration
HPRegen 0.91/turn               (no ring)
MPRegen 0.09/turn               (no ring)

@: no status effects
A: sickness immunity, AC +4, negative energy resistance 1, electricity
resistance, torment resistance 1, petrification resistance
a: Renounce Religion


You were on level 3 of the Dungeon.
You worshipped Xom.
You were a very special plaything of Xom.
You visited 1 branch of the dungeon, and saw 3 of its levels.

You collected 137 gold pieces.

Inventory:

Hand Weapons
 a - a +0 hand axe of chaos (weapon)
Armour
 b - a +2 leather armour (worn)
 h - a +1 pair of boots (worn)
   (You found it on level 2 of the Dungeon)
Jewellery
 e - an amulet of regeneration (around neck)
   (You found it on level 1 of the Dungeon)
 g - a ring of wizardry
   (You found it on level 2 of the Dungeon)
Scrolls
 f - a scroll of vulnerability
 i - 3 scrolls of enchant armour
 j - a scroll of brand weapon
 r - a scroll of identify
 t - a scroll of teleportation
 z - a scroll of blinking
Potions
 d - a potion of haste {unknown}
 k - a potion of mutation {unknown}
Miscellaneous
 c - a piece from Xom's chessboard (15/15) (quivered)


   Skills:
 * Level 4.3 Fighting
 * Level 3.5 Axes
 * Level 3.4 Armour
 - Level 0.7 Dodging
 * Level 2.0 Evocations


You had 4 spell levels left.
You didn't know any spells.
Your spell library was empty.

Dungeon Overview and Level Annotations

Branches:
Dungeon (3/15)

Altars:


Innate Abilities, Weirdness & Mutations

You are immune to sickness and miasma.
Your stone body is resilient. (AC +4)
You are immune to poison.
You resist negative energy. (rN+)
You are resistant to electric shocks. (rElec)
You are resistant to unholy torment.
You are immune to petrification.


Message History

No target in view!
No target in view!
No target in view!
No target in view!
No target in view!
No target in view!
Found an amethyst potion.
Found a stone staircase leading up.
You see here a giant cockroach corpse.
A kobold comes into view. It is wielding a +0 whip.
The kobold throws a stone.
The stone closely misses you.
The kobold throws a stone.
The stone barely misses you. The kobold closely misses you.
You completely miss the kobold. The kobold hits you but does no damage.
You hit the kobold. You burn the kobold.
The kobold is heavily wounded.
The kobold hits you but does no damage.
You closely miss the kobold.
The kobold is heavily wounded.
The kobold hits you but does no damage.
You barely miss the kobold.
The kobold is heavily wounded.
The kobold hits you with a +0 whip.
You barely miss the kobold.
The kobold is heavily wounded.
The kobold barely misses you.
You barely miss the kobold.
The kobold is heavily wounded.
The kobold barely misses you.
You hit the kobold but do no damage.
The kobold flickers and vanishes!
Deactivating autopickup; reactivate with Ctrl-A.
Something hits you.
A stone appears from out of thin air!
The stone hits you but does no damage. "Let's see if it's strong enough to survive yet."
You see here a wand of charming (9).
The chaos spawn attacks as you move away!
The chaos spawn hits you! The chaos spawn shocks you. You resist.
Something hits you but does no damage. The chaos spawn hits you!
* * * LOW HITPOINT WARNING * * *
The chaos spawn freezes you!
You die...

#?#...... ..#
.####...#.#.# #.#
...#.#...#.###.###
#.#...#.†.......#
#...#...##.##.#.#####
#......<.#.##........
#..........#....####.
...##...4....#.#.#..####.
.....5./@.!.###.....#....
######4......#.###.##.##.
#...^....####.##.##.
#...................
#############.####.#
#.####.# #######.####.#
..........#...
#########...##


You could see 2 chaos spawn and a crimson imp (summoned).

Vanquished Creatures
  A black bear (shapeshifter) (D:3)
  An iguana (D:3)
  An adder (D:2)
  A gnoll (D:1)
  A dart slug (D:1)
  2 endoplasms (D:1)
  2 giant cockroaches
  3 hobgoblins
  5 ball pythons (D:1)
  2 bats
  A frilled lizard (D:2)
  3 kobolds
  6 rats
29 creatures vanquished.

Notes
Turn   | Place    | Note
-------+----------+-------------------------------------------
     0 | D:1      | p0werm0de the Gargoyle Chaos Knight began the quest for the
                  | Orb.
     0 | D:1      | Reached XP level 1. HP: 14/14 MP: 1/1
   290 | D:1      | Reached XP level 2. HP: 10/19 MP: 2/2
   561 | D:1      | Reached skill level 1 in Evocations
   561 | D:1      | Reached XP level 3. HP: 21/24 MP: 3/3
   684 | D:2      | XOM: 9-stop teleportation journey
   892 | D:2      | XOM: scenery: summon butterflies
   912 | D:3      | Noticed a shapeshifter
   912 | D:3      | an orc changed into a shapeshifter
   912 | D:3      | XOM: polymorph orc -> shapeshifter
   912 | D:3      | Noticed a black bear
   912 | D:3      | a shapeshifter changed into a black bear
   915 | D:3      | XOM: enchant monster (bad)
   933 | D:3      | Killed a black bear
   934 | D:3      | Reached skill level 4 in Fighting
   934 | D:3      | Reached XP level 4. HP: 29/29 MP: 4/4
   934 | D:3      | Reached XP level 5. HP: 33/33 MP: 5/5
  1126 | D:3      | XOM: summons 3 hostile demons
  1127 | D:3      | Noticed a chaos spawn
  1127 | D:3      | Noticed a chaos spawn
  1127 | D:3      | Slain by a chaos spawn

Illustrated notes

Levels and vault maps discovered:
D:1:      dpeg_arrival_rhombus, layout_loops_cross,
          ebering_ecumenical_altar_abandoned
D:2:      layout_loops_ring
D:3:      layout_loops_cross, chequers_serial_rivers_small_3,
          nicolae_concentric_dashed_squares_wild, minmay_misc_feat_pillars

Skill      XL: |  1  2  3  4  5 |
---------------+----------------+-----
Axes           | 3 |  3.5
Evocations     | 1 2 |  2.0
Fighting       | 4 |  4.3
Armour         | 3 |  3.4
Dodging        | |  0.7

Action                   |  1- 3 |  4- 6 || total
-------------------------+-------+-------++-------
Melee: Hand axe          |    84 |    25 ||   109
       Punch             |     1 |       ||     1
  Use: Scroll            |     4 |     1 ||     5
Armor: Leather armour    |    70 |    16 ||    86
Dodge: Dodged            |    38 |    19 ||    57
